 Dungeon Crawl Stone Soup version 0.30-a0-5-g3a90980b9d (webtiles) character file.

Game seed: 16704763771326308083

569 Leibowitz the Sneak (level 7, -5/41 HPs)
             Began as a Kobold Gladiator on Aug 22, 2022.
             Was an Initiate of Wu Jian.
             Succumbed to a water moccasin's poison
             ... on level 5 of the Dungeon.
             The game lasted 00:11:25 (4597 turns).

Leibowitz the Sneak (Kobold Gladiator)              Turns: 4597, Time: 00:11:26

Health: -5/41      AC:  6    Str: 11    XL:     7   Next: 60%
Magic:  7/7        EV: 15    Int: 10    God:    Wu Jian [......]
Gold:   185        SH:  5    Dex: 18    Spells: 6/6 levels left

rFire   . . .      SeeInvis .    a - +0 rapier
rCold   + . .      Faith    .    v - +0 buckler
rNeg    . . .      Spirit   .    b - +0 leather armour
rPois   .          Reflect  .    c - +0 helmet
rElec   .          Harm     .    t - +0 cloak
rCorr   .          Rampage  .    s - +0 pair of gloves
Will    .....                    (no boots)
Stlth   ++++......               (no amulet)
HPRegen 0.13/turn                j - ring of protection from cold
MPRegen 0.10/turn                (no ring)

@: lethally poisoned (-5 -> -33), hasted, very quick
A: small, no large weapons, nightstalker 3
a: Renounce Religion


You were on level 5 of the Dungeon.
You worshipped Wu Jian.
Wu Jian was noncommittal.
You visited 1 branch of the dungeon, and saw 6 of its levels.

You collected 185 gold pieces.

Inventory:

Hand Weapons
 a - a +0 rapier (weapon)
Missiles
 d - 2 throwing nets (quivered)
 e - 2 boomerangs
Armour
 b - a +0 leather armour (worn)
 c - a +0 helmet (worn)
 s - a +0 pair of gloves (worn)
 t - a +0 cloak (worn)
 v - a +0 buckler (worn)
Jewellery
 j - a ring of protection from cold (left hand)
Wands
 u - a wand of flame (5)
 x - a wand of mindburst (8)
Scrolls
 g - 4 scrolls of identify {unknown}
 h - a scroll of teleportation {unknown}
 k - 2 scrolls of silence {unknown}
 l - 2 scrolls of poison {unknown}
 o - a scroll of brand weapon {unknown}
 q - 2 scrolls of fear {unknown}
 r - a scroll of immolation {unknown}
 w - a scroll of vulnerability {unknown}
Potions
 f - 3 potions of curing {unknown}
 i - a potion of resistance {unknown}
 m - 4 potions of haste
 n - a potion of ambrosia {unknown}
 p - a potion of heal wounds {unknown}


   Skills:
 * Level 3.5 Fighting
 * Level 6.0 Short Blades
 - Level 2.1 Throwing
 * Level 2.0 Armour
 * Level 4.6 Dodging
 * Level 6.9 Stealth
 * Level 0.3 Shields


You had 6 spell levels left.
You didn't know any spells.
Your spell library contained the following spells:

 Spells                   Type           Power      Damage    Failure   Level
 Magic Dart               Conj           0%         1d3       61%         1
 Static Discharge         Conj/Air       0%         3-3/arc   75%         2
 Ignite Poison            Fire/Tmut/Pois 0%         N/A       93%         3
 Mephitic Cloud           Conj/Pois/Air  0%         N/A       93%         3
 Dispel Undead            Necr           0%         3d6       100%        4
 Sticky Flame             Conj/Fire      0%         2d3       100%        4
 Fireball                 Conj/Fire      0%         3d3       100%        5
 Freezing Cloud           Conj/Ice/Air   0%         6-21      100%        5
 Dispersal                Tloc           0%         N/A       100%        6
 Starburst                Conj/Fire      0%         6d3       100%        6
 Malign Gateway           Summ/Tloc      0%         N/A       100%        7
 Ignition                 Fire           0%         3d3       100%        8


Dungeon Overview and Level Annotations

Branches:
Dungeon (6/15)
 Temple: D:4-7

Altars:
Cheibriados
Nemelex Xobeh
Qazlal
Sif Muna
Wu Jian
The Shining One

Annotations:
D:3 2 transporters, 3 runed translucent doors, Jano's ghost, amateur OpVM
D:5 Menkaure


Innate Abilities, Weirdness & Mutations

You are small and have problems with some larger weapons.
You are completely attuned to the shadows.


Message History

There is an entrance to a sewer on this level.
Hurry and find it before the portal rusts away!
Level annotation: Menkaure You hear the brisk rusting of a very distant drain.
There is a stone staircase leading down here.
A water moccasin comes into view.
You lunge at the water moccasin, in a flurry of attacks.
You miss the water moccasin.
The water moccasin hisses angrily.
You closely miss the water moccasin. The water moccasin bites you.
You are poisoned.
The water moccasin poisons you!
You hit the water moccasin.
The water moccasin is lightly wounded.
You feel very sick. The water moccasin bites you.
You completely miss the water moccasin.
The water moccasin is lightly wounded.
You feel very sick. The water moccasin bites you. x2
You are more poisoned.
The water moccasin poisons you!
You puncture the water moccasin!
The water moccasin is heavily wounded.
You feel very sick. The water moccasin barely misses you.
You hit the water moccasin but do no damage.
The water moccasin is heavily wounded.
You feel very sick. You block the water moccasin's attack.
You miss the water moccasin.
The water moccasin is heavily wounded.
You feel very sick. The water moccasin bites you.
* * * LOW HITPOINT WARNING * * *
The water moccasin bites you!
* * * LOW HITPOINT WARNING * * *
You are more poisoned.
The water moccasin poisons you!
It was a potion of haste.
You feel yourself speed up.
You die...

####..# #..# #..#
#.<# #..# # ..
#..# #.#####.##
#..# ....S......
...# .....@...#
#####.###.#.#
.........##
#........#.## #.#
#...## #.# #.##.#
####.#####.##..#
..............#.#
####.#####.......


You could see a water moccasin.

Vanquished Creatures
  2 phantoms
  3 wights (D:4)
  A howler monkey (D:4)
  Ijyb (D:3)
  3 iguanas (D:4)
  4 adders
  A worm (D:3)
  2 dart slugs
  6 ball pythons
  5 bats
  5 endoplasms
  4 giant cockroaches
  13 goblins
  9 hobgoblins
  4 quokkas
  A frilled lizard (D:1)
  9 kobolds
  4 rats
77 creatures vanquished.

Notes
Turn   | Place    | Note
-------+----------+-------------------------------------------
     0 | D:1      | Leibowitz the Kobold Gladiator began the quest for the Orb.
     0 | D:1      | Reached XP level 1. HP: 12/12 MP: 1/1
    75 | D:1      | Reached XP level 2. HP: 9/17 MP: 2/2
   529 | D:1      | Reached XP level 3. HP: 17/22 MP: 3/3
   654 | D:1      | Reached skill level 1 in Stealth
  1423 | D:2      | Reached XP level 4. HP: 27/27 MP: 4/4
  1523 | D:2      | Found a faded altar of an unknown god.
  1854 | D:3      | Reached skill level 5 in Short Blades
  1930 | D:3      | Found a transporter.
  1958 | D:3      | Found a transporter.
  2091 | D:3      | Found a sparkling altar of Nemelex Xobeh.
  2091 | D:3      | Found a snail-covered altar of Cheibriados.
  2261 | D:3      | Found a runed translucent gate.
  2261 | D:3      | Found a runed translucent gate.
  2261 | D:3      | Found a runed translucent gate.
  2448 | D:3      | Noticed Ijyb
  2465 | D:3      | Killed Ijyb
  2466 | D:3      | Reached XP level 5. HP: 17/31 MP: 5/5
  2668 | D:3      | Reached skill level 1 in Armour
  2969 | D:3      | Found an ornate altar of the Wu Jian Council.
  2975 | D:3      | Became a worshipper of the Wu Jian Council
  3158 | D:3      | Noticed Jano's ghost (amateur OpVM)
  3159 | D:3      | Identified the +4 mace "Ogreslayer" {vorpal, *Rage rF++}
  3159 | D:3      | Identified the +0 ring mail of Precision Catastrophes
                  | {Stlth+}
  3248 | D:4      | Identified the +2 robe of the Ecumenical Temple {rElec
                  | Str+6}
  3475 | D:4      | Found a stormy altar of Qazlal.
  3723 | D:4      | Reached XP level 6. HP: 37/37 MP: 6/6
  3844 | D:4      | Reached skill level 5 in Stealth
  3847 | D:4      | Reached XP level 7. HP: 41/41 MP: 7/7
  4148 | D:5      | Entered Level 5 of the Dungeon
  4164 | D:5      | Got the Commentary on Lethal Dislocation
  4174 | D:5      | Noticed Menkaure
  4178 | D:5      | Found a glowing golden altar of the Shining One.
  4181 | D:5      | Noticed a water moccasin
  4538 | D:6      | Found a shimmering blue altar of Sif Muna.
  4588 | D:5      | Noticed a water moccasin
  4596 | D:5      | HP: 1/41 [water moccasin (7)]
  4597 | D:5      | Succumbed to a water moccasin's poison

Illustrated notes

Levels and vault maps discovered:
D:1:      dpeg_arrival_morbid_curiosity, layout_basic
D:2:      layout_rooms, shapermc_ecumenical_altar_venn, due_unseen_surprise
D:3:      gammafunk_wand_slinger, layout_basic, jmf_multi_god_temple,
          nzn_wu_jian_contemplation, biasface_ghost_orc_armoury, corexii_shack,
          minivault_14, kennysheep_generic_room_12, uniq_ijyb
D:4:      layout_basic, nicolae_qazlal_general_emergency
D:5:      layout_loops_ring, lemuel_crystal_altar, nicolae_tso_besieged_by_evil,
          grunt_gozag_breadcrumbs, lightli_sewer_entry_pipes, serial_shops,
          nicolae_shop_stone, uniq_menkaure
D:6:      layout_basic, gammafunk_temple_overflow_claw,
          nicolae_sif_muna_condensation, minmay_temple_entry_sparse_star,
          dk_noncrumbling_4, dk_rats_in_the_wall, uniq_duvessa

Skill      XL: |  1  2  3  4  5  6  7 |
---------------+----------------------+-----
Dodging        | 4 |  4.6
Stealth        | 2 3 6 |  6.9
Short Blades   | 5 6 |  6.0
Armour         | 1 2 |  2.0
Fighting       | 3 |  3.5
Throwing       | |  2.1
Shields        | |  0.3

Action                   |  1- 3 |  4- 6 |  7- 9 || total
-------------------------+-------+-------+-------++-------
Melee: Rapier            |    58 |    97 |    34 ||   189
       Punch             |     1 |       |       ||     1
Throw: Throwing net      |       |     2 |       ||     2
Invok: Lunge             |       |    11 |     5 ||    16
  Use: Potion            |       |       |     1 ||     1
 Stab: Sleeping          |    19 |    19 |     3 ||    41
       Held in net/web   |       |     3 |       ||     3
Armor: Leather armour    |     5 |    15 |     5 ||    25
Dodge: Dodged            |    23 |    52 |    16 ||    91
Block: Buckler           |       |     2 |     2 ||     4

Table legend: (Time is in decaauts)
 A = Elapsed time spent in this place.
 B = Non-inter-level travel time spent in this place.
 C = Inter-level travel time spent in this place.
 D = Time resting spent in this place.
 E = Time spent auto-exploring this place.
 F = Levels seen in this place.
 G = Mean time per level.
                   A        B        C        D        E       F      G
               +--------+--------+--------+--------+--------+-----+--------+
         Total |   4589 |   4514 |     75 |    352 |   3442 |   6 |  764.8 |
       Dungeon |   4589 |   4514 |     75 |    352 |   3442 |   6 |  764.8 |
               +--------+--------+--------+--------+--------+-----+--------+

Top non-repeatable levels by time:
     D:1: 1386 daAuts
     D:3: 1367 daAuts
     D:4: 927 daAuts
     D:2: 460 daAuts
     D:6: 381 daAuts
     D:5: 66 daAuts
